 Dungeon Crawl Stone Soup version 0.25-a0-294-gea9b1ad378 (webtiles) character file.

Game seed: 10503634178653914820, levelgen mode: deterministic

19831 vishdafish the Spear-Bearer (level 12, -1/98 HPs)
             Began as a Centaur Fighter on Dec 17, 2019.
             Was an Elder of Yredelemnul.
             Slain by an orc warrior
             ... wielding a +0 war axe
              (13 damage)
             ... on level 2 of the Orcish Mines.
             The game lasted 00:27:23 (14028 turns).

vishdafish the Spear-Bearer (Centaur Fighter)      Turns: 14028, Time: 00:27:23

Health: -1/98      AC: 24    Str: 24 (25) XL:     12   Next: 40%
Magic:  18/20      EV:  4    Int:  9 (10) God:    Yredelemnul [****..]
Gold:   813        SH: 10    Dex:  9 (10) Spells: 11/11 levels left

rFire    + + .     SeeInvis .   t - +2 trident (vamp)
rCold    + + .     Gourm    .   c - +0 shield
rNeg     + . .     Faith    .   J - +0 scale mail of a wizard's laboratory {rC++ Int+3}
rPois    +         Spirit   .   K - +1 hat "Vaschazug" {rPois rF++ rN+ Dex-3}
rElec    .         Reflect  .   r - +2 cloak
rCorr    .         Harm     .   q - +0 pair of gloves
MR       .....                  y - +1 centaur barding
Stlth    ..........             (no amulet)
HPRegen  0.26/turn              m - +2 ring of protection
MPRegen  0.17/turn              B - +5 ring of strength

@: very quick
A: large, hooves 3, iridescent scales 1, rugged brown scales 1, deformed body,
deterioration 1, speed 2, tough skin 3
a: Recall Undead Slaves, Injury Mirror, Animate Dead, Drain Life, Renounce
Religion


You were on level 2 of the Orcish Mines.
You worshipped Yredelemnul.
Yredelemnul was greatly pleased with you.
You were very hungry.

You visited 3 branches of the dungeon, and saw 13 of its levels.

You collected 1263 gold pieces.
You spent 450 gold pieces at shops.

Inventory:

Hand Weapons
 a - a +0 trident
 t - a +2 vampiric trident (weapon)
 v - a +3 quarterstaff of chaos
Armour
 b - a +0 scale mail
 c - a +0 shield (worn)
 e - a scarf of spirit shield
 q - a +0 pair of gloves (worn)
 r - a +2 cloak (worn)
 y - a +1 centaur barding (worn)
 F - a +0 helmet
 J - the +0 scale mail of a wizard's laboratory (worn) {rC++ Int+3}
   (You bought it in a shop on level 1 of the Orcish Mines)

   It affects your intelligence (+3).
   It greatly protects you from cold.
 K - the +1 hat "Vaschazug" (worn) {rPois rF++ rN+ Dex-3}
   (You bought it in a shop on level 1 of the Orcish Mines)

   It affects your dexterity (-3).
   It greatly protects you from fire.
   It protects you from poison.
   It protects you from negative energy.
 L - the +3 hat of Pondering {ponderous, MR+ MP+10 Int+5}
   (You took it off Gastronok on level 8 of the Dungeon)

   It affects your intelligence (+5).
   It affects your resistance to hostile enchantments.
   It affects your magic capacity (+10).
Jewellery
 h - an uncursed ring of fire
 m - a +2 ring of protection (left hand)
 B - a +5 ring of strength (right hand)
Wands
 d - a wand of digging (3)
 o - a wand of polymorph (8)
 H - a wand of disintegration (11)
Scrolls
 g - 4 scrolls of teleportation
 j - 3 scrolls of amnesia
 l - 3 scrolls of enchant armour
 n - 3 scrolls of fog
 p - a scroll of brand weapon {unknown}
 s - 3 scrolls of blinking
 w - 2 scrolls of enchant weapon {unknown}
 A - a scroll of immolation {unknown}
 C - a scroll of fear {unknown}
 D - 3 scrolls of remove curse {unknown}
 G - a scroll of torment {unknown}
 M - a scroll of magic mapping {unknown}
Potions
 i - 10 potions of curing
 k - a potion of magic
 u - a potion of berserk rage
 x - 2 potions of brilliance
 z - a potion of flight {unknown}
 E - a potion of ambrosia
 I - a potion of heal wounds {unknown}
Comestibles
 f - 14 rations


   Skills:
 - Level 6.2 Fighting
 - Level 11.3 Polearms
 - Level 6.0 Armour
 - Level 6.0 Shields
 * Level 11.0 Invocations
 - Level 6.1 Evocations


You had 11 spell levels left.
You didn't know any spells.
Your spell library contained the following spells:

 Spells                   Type           Power        Failure   Level  Hunger
 Beastly Appendage        Tmut           #.....       87%         1    ##.....
 Sting                    Tmut/Pois      #...         87%         1    ##.....
 Poisonous Vapours        Pois/Air       #.....       95%         2    ###....
 Conjure Flame            Conj/Fire      #.......     99%         3    ####...
 Ignite Poison            Fire/Tmut/Pois #.......     99%         3    ####...
 Mephitic Cloud           Conj/Pois/Air  #.......     99%         3    ####...
 Olgreb's Toxic Radiance  Pois           #.......     100%        4    #####..
 Sticky Flame             Conj/Fire      #.......     100%        4    #####..
 Blade Hands              Tmut           #.........   100%        5    ######.
 Starburst                Conj/Fire      #.........   100%        6    #######


Dungeon Overview and Level Annotations

Branches:
Dungeon (10/15)            Temple (1/1) D:6            Lair (0/6) D:10
    Orc (2/2) D:10
    Elf: Orc:2

Altars:
Cheibriados
Dithmenos
Elyvilon
Gozag
Kikubaaqudgha
Makhleb
Qazlal
Ru
Sif Muna
Trog
Uskayaw
Vehumet
Wu Jian
Xom
Yredelemnul
Zin

Shops:
D:6 :   Orc:1 %[*

Portals:
Trove: D:10 (give horn of Geryon)


Innate Abilities, Weirdness & Mutations

You have hooves in place of feet.
Armour fits poorly on your strangely shaped body.
You cover ground very quickly.
You have extremely tough skin. (AC +3)
You are partially covered in iridescent scales. (AC +2)
You are partially covered in rugged brown scales. (AC +1, +3% HP)
Your body sometimes deteriorates upon taking damage.


Message History

Unknown command.
You puncture the orc warrior! You kick the orc warrior.
The orc warrior is heavily wounded.
The orc warrior hits you with a +0 long sword!!
The orc warrior hits you but does no damage.
Unknown command.
You barely miss the orc warrior.
The orc warrior is heavily wounded.
The orc warrior hits you with a +0 war axe!!
Your body deteriorates!
You feel weakened.
The orc warrior hits you with a +0 long sword!!
* * * LOW HITPOINT WARNING * * *
Unknown command.
You are too injured to fight recklessly!
Unknown command.
The orc warrior throws a boomerang.
You block the boomerang.
The weapon returns to the orc warrior!
The orc warrior hits you with a +0 war axe!
You die...
Your body rises from the dead as a mindless zombie.

#.. #..# # .. .... #..# .#
#.###'###..# .. ..........##'###.
..⌠...⌠......o............
........)o# o #......#...
.........oo# #.......$..
#.###.###o.# #.......... #.# #Z#
#.@# #..........
######.###.###..######..........
..........ZZ..............<.....
............[...........†.......
# #..........#...............<. .
#..........##.............)..
.####.......#...#................
....##.#.#.......#............)).
......#####.....##.#..........[..


You could see 3 orc warriors and an orc.

Vanquished Creatures
  Gastronok (D:8)
  Harold (D:7)
  2 two-headed ogres (D:7)
  4 death yaks (D:10)
  An orc high priest (Orc:1)
  Pikel (D:8)
  2 orc knights (Orc:2)
  An orc sorcerer (Orc:1)
  Maurice (D:8)
  Joseph (D:8)
  A centaur zombie (D:10)
  A centaur skeleton (D:10)
  3 trolls
  Prince Ribbit (D:7)
  A vampire (D:10)
  13 yaks
  2 hungry ghosts
  5 wargs
  2 water moccasins
  Duvessa (D:7)
  3 sky beasts
  3 ice beasts
  4 phantoms
  A black bear (D:10)
  11 orc warriors
  9 ogres
  5 centaurs
  5 bullfrogs
  3 big kobolds
  Dowan (D:7)
  2 scorpions
  4 killer bees
  7 wights
  A crimson imp (D:10)
  2 hounds
  5 jellies
  6 orc priests
  Crazy Yiuf (D:2)
  5 orc wizards
  4 bullfrog skeletons
  An iguana (D:10)
  9 worker ants
  A hound zombie (D:7)
  3 worker ant zombies
  4 gnolls (D:4)
  15 adders
  A howler monkey skeleton (D:7)
  A shadow imp (D:6)
  5 oozes (D:9)
  An adder zombie (D:7)
  2 adder skeletons
  7 worms
  A dart slug (D:2)
  3 leopard geckos
  32 orcs
  3 ball pythons (D:2)
  6 giant cockroaches
  11 goblins
  11 hobgoblins
  11 jackals
  13 kobolds
  9 quokkas
  4 bats
  6 frilled lizards
  A leopard gecko zombie (D:8)
  A quokka skeleton (D:4)
  A quokka zombie (D:6)
  7 rats
297 creatures vanquished.

Vanquished Creatures (collateral kills)
  2 orc knights (Orc:2)
  2 wargs (Orc:1)
  2 orc warriors
  An ogre (Orc:1)
  4 orc wizards (Orc:1)
  An orc priest (Orc:1)
  5 orcs
17 creatures vanquished.

Vanquished Creatures (others)
  2 flying skulls (Orc:1)
  2 crocodiles (D:10)
  A warg zombie (Orc:1)
  A scorpion (D:10)
  A wight (Orc:2)
  A troll zombie (Orc:1)
  A crimson imp (D:9)
  An iguana (D:10)
  2 ogre zombies
  A mummy (Orc:2)
  An adder (D:9)
  An orc skeleton (Orc:2)
  7 orc zombies
22 creatures vanquished.

Grand Total: 336 creatures vanquished

Notes
Turn   | Place    | Note
-------+----------+-------------------------------------------
     0 | D:1      | vishdafish the Centaur Fighter began the quest for the Orb.
     0 | D:1      | Reached XP level 1. HP: 19/19 MP: 1/1
   194 | D:1      | Reached XP level 2. HP: 26/26 MP: 2/2
   791 | D:2      | Reached XP level 3. HP: 25/31 MP: 3/3
  1426 | D:2      | Reached XP level 4. HP: 38/38 MP: 4/4
  1542 | D:2      | Found a runed translucent door.
  1543 | D:2      | Noticed Crazy Yiuf
  1803 | D:2      | Killed Crazy Yiuf
  1803 | D:2      | Reached XP level 5. HP: 21/45 MP: 2/5
  3088 | D:4      | Noticed a phantom
  3113 | D:5      | Entered Level 5 of the Dungeon
  3121 | D:5      | Reached XP level 6. HP: 50/51 MP: 6/6
  4874 | D:5      | Reached skill level 5 in Polearms
  4874 | D:5      | Reached XP level 7. HP: 57/57 MP: 7/7
  5490 | D:6      | Reached XP level 8. HP: 63/63 MP: 8/8
  6209 | D:6      | Reached skill level 5 in Armour
  6279 | D:6      | Found a staircase to the Ecumenical Temple.
  6288 | Temple   | Entered the Ecumenical Temple
  6362 | Temple   | Became a worshipper of Yredelemnul the Dark
  6445 | D:6      | Found Icath's Book Shoppe.
  6739 | D:7      | Noticed Duvessa
  6739 | D:7      | Noticed Dowan
  6747 | D:7      | Killed Duvessa
  6747 | D:7      | Reached skill level 5 in Shields
  6747 | D:7      | Reached XP level 9. HP: 46/69 MP: 9/9
  6755 | D:7      | Killed Dowan
  7060 | D:7      | Reached * piety under Yredelemnul
  7150 | D:7      | Identified the Catalogue of the Unstable Blaze
  7186 | D:7      | Noticed a two-headed ogre
  7198 | D:7      | Killed a two-headed ogre
  7472 | D:7      | Noticed Harold
  7486 | D:7      | Killed Harold
  7486 | D:7      | Reached XP level 10. HP: 78/78 MP: 9/11
  7509 | D:7      | Noticed a two-headed ogre
  7541 | D:7      | Killed a two-headed ogre
  7750 | D:7      | Noticed Prince Ribbit
  7762 | D:7      | Killed Prince Ribbit
  8110 | D:8      | Found an ornate altar of the Wu Jian Council.
  8110 | D:8      | Found a burning altar of Makhleb.
  8111 | D:8      | Found a sacrificial altar of Ru.
  8112 | D:8      | Found a white marble altar of Elyvilon.
  8113 | D:8      | Found a glowing silver altar of Zin.
  8113 | D:8      | Found a shimmering blue altar of Sif Muna.
  8113 | D:8      | Found a hide-covered altar of Uskayaw.
  8114 | D:8      | Found a radiant altar of Vehumet.
  8155 | D:8      | Noticed Maurice
  8179 | D:8      | Killed Maurice
  8229 | D:8      | Reached skill level 10 in Polearms
  8371 | D:8      | Noticed Gastronok
  8392 | D:8      | Killed Gastronok
  8392 | D:8      | Reached skill level 5 in Fighting
  8392 | D:8      | Reached skill level 5 in Evocations
  8434 | D:8      | Noticed Joseph
  8447 | D:8      | Killed Joseph
  8801 | D:9      | Noticed Pikel
  8818 | D:8      | Killed Pikel
  8818 | D:8      | Reached XP level 11. HP: 83/88 MP: 15/15
  9207 | D:9      | Reached ** piety under Yredelemnul
  9762 | D:10     | Entered Level 10 of the Dungeon
  9797 | D:10     | Found a shimmering altar of Xom.
  9942 | D:10     | Reached *** piety under Yredelemnul
 10391 | D:10     | Found a portal to a secret trove of treasure.
 10397 | D:10     | Noticed a death yak
 10398 | D:10     | Noticed a death yak
 10399 | D:10     | Found a staircase to the Lair.
 10400 | D:10     | Noticed a death yak
 10406 | D:10     | Noticed a death yak
 10471 | D:10     | Noticed a death yak
 10523 | D:9      | Reached skill level 1 in Invocations
 10774 | D:10     | Killed a death yak
 10945 | D:10     | Killed a death yak
 10966 | D:10     | Killed a death yak
 10966 | D:10     | Reached skill level 5 in Invocations
 11297 | D:10     | Found a staircase to the Orcish Mines.
 11963 | D:10     | Gained mutation: You are partially covered in iridescent
                  | scales. (AC +2) [potion of mutation]
 11963 | D:10     | Gained mutation: Your body sometimes deteriorates upon
                  | taking damage. [potion of mutation]
 11963 | D:10     | Gained mutation: You are partially covered in rugged brown
                  | scales. (AC +1, +3% HP) [potion of mutation]
 12065 | D:10     | Killed a death yak
 12298 | Orc:1    | Entered Level 1 of the Orcish Mines
 12312 | Orc:1    | Noticed an orc sorcerer
 12321 | Orc:1    | Killed an orc sorcerer
 12321 | Orc:1    | Reached XP level 12. HP: 96/98 MP: 13/18
 12379 | Orc:1    | Found Wubown's Food Boutique.
 12425 | Orc:1    | Noticed an orc high priest
 12431 | Orc:1    | Received a gift from Yredelemnul (2 flying skulls)
 12829 | Orc:1    | Killed an orc high priest
 12842 | Orc:1    | Found Meiwong's Assorted Antiques.
 12994 | Orc:1    | Bought a fine scale mail for 252 gold pieces
 13004 | Orc:1    | Identified the +0 scale mail of a wizard's laboratory {rC++
                  | Int+3} (You bought it in a shop on level 1 of the Orcish
                  | Mines)
 13018 | Orc:1    | Found Meschazoc's Antique Armour Shoppe.
 13054 | Orc:1    | Bought a bloodstained hat for 198 gold pieces
 13064 | Orc:1    | Identified the +1 hat "Vaschazug" {rPois rF++ rN+ Dex-3}
                  | (You bought it in a shop on level 1 of the Orcish Mines)
 13265 | Orc:2    | Entered Level 2 of the Orcish Mines
 13273 | Orc:2    | Received a gift from Yredelemnul (a mummy)
 13281 | Orc:2    | Reached **** piety under Yredelemnul
 13551 | Orc:2    | Reached skill level 10 in Invocations
 13869 | Orc:2    | Received a gift from Yredelemnul (a wight)
 14028 | Orc:2    | Slain by an orc warrior

Levels and vault maps discovered:
D:1:      dpeg_arrival_chase, layout_basic, serial_glass, glass_columns_c,
          glass_columns_b, glass_columns_b, glass_columns_a, glass_columns_b
D:2:      layout_rooms, uniq_crazy_yiuf_cottage
D:3:      layout_loops_ring
D:4:      layout_layer_cave, first_ration
D:5:      layout_cave_pools
D:6:      layout_loops_ring, minmay_temple_entry_mini_moons, serial_shops,
          kennysheep_mini
D:7:      minmay_bubble_buster, layout_cave_pods, minmay_misc_feat_more_columns,
          uniq_harold, uniq_duvessa, uniq_prince_ribbit1
D:8:      layout_loops_cross, grunt_temple_overflow_open, uniq_maurice,
          uniq_joseph, uniq_gastronok
D:9:      layout_stronghold, hangedman_little_slice_of_home, uniq_pikel
D:10:     layout_loops_ring, dpeg_lair_monsters, enter_trove_1,
          xom_confusion_cloud
Temple:   jpeg_temple_clearing
Orc:1:    layout_caves, serial_shops, shop_statue,
          nicolae_shop_competitors_out_of_business, shop
Orc:2:    st_orc_town, layout_caves, uniq_urug

Skill      XL: |  1  2  3  4  5  6  7  8  9 10 11 12 |
---------------+-------------------------------------+-----
Polearms       | 2 3 4 5 6 7 9 10 11 | 11.3
Armour         | 3 4 5 6 |  6.0
Shields        | 3 4 5 6 |  6.0
Evocations     | 2 5 6 |  6.1
Fighting       | 5 6 |  6.2
Invocations    | 8 11 | 11.0

Action                   |  1- 3 |  4- 6 |  7- 9 | 10-12 || total
-------------------------+-------+-------+-------+-------++-------
Melee: Trident           |   117 |   248 |   330 |   768 ||  1463
       Kick              |    27 |    50 |    89 |   225 ||   391
Invok: Animate Dead      |       |       |       |    11 ||    11
Evoke: Wand              |       |       |     2 |    31 ||    33
  Use: Potion            |       |     1 |       |     6 ||     7
       Scroll            |       |     6 |     2 |     6 ||    14
 Stab: Distracted        |       |       |       |     3 ||     3
  Eat: Chunk             |       |     7 |     7 |     6 ||    20
       Ration            |       |     1 |       |     7 ||     8
Armor: Scale mail        |    43 |   106 |   135 |   263 ||   547
       Skin              |       |       |       |    26 ||    26
Dodge: Dodged            |    26 |    25 |    35 |    77 ||   163
Block: Shield            |    59 |   101 |   110 |   245 ||   515

Table legend:
 A = Non-vault XP
 B = Vault XP
 C = Vault XP percentage of total XP
 D = Non-vault monster count
 E = Vault monster count
 F = Vault count percentage of total count
                 A         B        C        D         E       F
            +---------+---------+-------+---------+---------+-------
      Total |   14739 |   13592 |  48.0 |     256 |      58 |  18.5
            +---------+---------+-------+---------+---------+-------
        D:1 |      39 |       0 |   0.0 |      24 |       0 |   0.0
        D:2 |     117 |      40 |  25.5 |      28 |       1 |   3.4
        D:3 |     298 |       0 |   0.0 |      31 |       0 |   0.0
        D:4 |     194 |       0 |   0.0 |      15 |       0 |   0.0
        D:5 |     733 |       0 |   0.0 |      20 |       0 |   0.0
        D:6 |    1356 |       0 |   0.0 |      27 |       0 |   0.0
        D:7 |    2081 |    2045 |  49.6 |       9 |      17 |  65.4
        D:8 |     763 |    3599 |  82.5 |      10 |       4 |  28.6
        D:9 |    1430 |     157 |   9.9 |      21 |       8 |  27.6
       D:10 |    3981 |    4400 |  52.5 |      32 |      10 |  23.8
      Orc:1 |    3057 |     130 |   4.1 |      31 |       1 |   3.1
      Orc:2 |     690 |    3221 |  82.4 |       8 |      17 |  68.0
            +---------+---------+-------+---------+---------+-------
